 Dungeon Crawl Stone Soup version 0.21-a0-442-g848f44b (webtiles) character file.

1266 paddytheiceman the Cutter (level 8, -1/70 HPs)
             Began as a Black Draconian Berserker on Nov 16, 2017.
             Was a Priest of Trog.
             Slain by a hound (3 damage)
             ... on level 6 of the Dungeon on Nov 17, 2017.
             The game lasted 00:41:53 (4892 turns).

paddytheiceman the Cutter (DrBe)                    Turns: 4892, Time: 00:41:53

Health: -1/70      AC:  7    Str: 19    XL:     8   Next: 27%
Magic:  8/8        EV: 14    Int:  8    God:    Trog [***...]
Gold:   3          SH:  0    Dex: 13    Spells: 7/7 levels left

rFire    . . .     SeeInvis .   D - +1 halberd (venom)
rCold    . . .     Gourm    +   (shield currently unavailable)
rNeg     . . .     Faith    .   (armour unavailable)
rPois    .         Spirit   .   (helmet restricted)
rElec    +         Reflect  .   (no cloak)
rCorr    .         Harm     .   (no gloves)
MR       .....                  p - +0 pair of boots
Stlth    +.........             x - amulet of the gourmand
HPRegen  0.21/turn              r - ring of flight
MPRegen  0.11/turn              (no ring)

@: berserk cooldown, slowed, drained, very slow
A: breathe lightning, unfitting armour, electricity resistance, cold-blooded,
MP-powered wands, AC +6
a: Breathe Lightning, Berserk, Trog's Hand, Burn Spellbooks, Renounce Religion,
Evoke Flight


You were on level 6 of the Dungeon.
You worshipped Trog.
Trog was most pleased with you.
You were not hungry.

You visited 1 branch of the dungeon, and saw 6 of its levels.

You collected 132 gold pieces.
You spent 129 gold pieces at shops.

Inventory:

Hand Weapons
 d - a +1 short sword of electrocution
 D - a +1 halberd of venom (weapon)
Armour
 p - a +0 pair of boots (worn)
Jewellery
 r - a ring of flight (left hand)
 x - an amulet of the gourmand (around neck)
 z - an uncursed ring of stealth {unknown}
Scrolls
 f - a scroll of magic mapping {unknown}
 g - 4 scrolls of remove curse {unknown}
 i - 6 scrolls of identify
 j - a scroll of immolation {unknown}
 k - a scroll of blinking {unknown}
 m - 2 scrolls of enchant armour {unknown}
 n - a scroll of noise {unknown}
 t - a scroll of enchant weapon {unknown}
 w - 2 scrolls of amnesia {unknown}
 y - a scroll of fog {unknown}
 B - 2 scrolls of recharging {unknown}
 C - a scroll of teleportation {unknown}
Potions
 e - a potion of degeneration {unknown}
 h - 3 potions of heal wounds
 o - a potion of brilliance {unknown}
 q - a potion of resistance {unknown}
 s - 2 potions of flight {unknown}
 v - 2 potions of curing {unknown}
 A - a potion of mutation {unknown}
Comestibles
 b - 3 bread rations
 l - 2 fruits
 u - a meat ration


   Skills:
 * Level 5.8(4.6) Fighting
 + Level 7.1(5.9) Short Blades
 * Level 3.7(2.6) Polearms
 - Level 5.1(4.0) Dodging


You had 7 spell levels left.
You didn't know any spells.

Dungeon Overview and Level Annotations

Branches:
Dungeon (6/15)             Temple (0/1) D:4

Altars:
Fedhas
Hepliaklqana
Vehumet
Zin

Shops:
D:4 (   D:5 (


Innate Abilities, Weirdness & Mutations

You can breathe wild blasts of lightning.
Your glossy black scales are hard. (AC +6)
You cannot fit into any form of body armour.
You are resistant to electric shocks. (rElec)
You are cold-blooded and may be slowed by cold attacks.
You expend magic power (3 MP) to strengthen your wands.


Message History

Something hits you but does no damage.
The hound pauses to sniff the ground.
Something hits you.
* * * LOW HITPOINT WARNING * * *
Something shocks you. You resist.
* * * LOW HITPOINT WARNING * * *
Trog accepts your kill.
Reactivating autopickup.
You feel a bit more experienced.
An adder comes into view.
The hound bites you but does no damage.
The adder moves out of view.
The hound bites you but does no damage. The hound bites you but does no damage.
The wight hits you from afar with a halberd!
* * * LOW HITPOINT WARNING * * *
You feel drained.
* * * LOW HITPOINT WARNING * * *
The hound bites you but does no damage. The hound bites you.
You die...

...# .### .......#♣≈
....####..$##
..#.#.#P≈
.....)#....#.......).≈
#. #....#....#...(....
#..#....##.?...#.....
#........###.# #..# #
#............####..#.#
###.##.hz.†.........#
#...@##.######.####
#######...z.<..#
##########


You could see a hound and a wight.

Vanquished Creatures
  A hornet zombie (D:4)
  2 sky beasts
  An ogre (D:4)
  A phantom (D:6)
  An ice beast (D:5)
  A scorpion (D:5)
  2 howler monkeys (D:5)
  A quasit (D:6)
  A hound (D:4)
  A bullfrog zombie (D:3)
  2 orc priests (D:5)
  5 orc wizards
  2 worker ants (D:5)
  A hound skeleton (D:4)
  11 adders
  4 oozes
  An adder skeleton (D:5)
  5 worms
  A dart slug (D:1)
  A leopard gecko (D:1)
  24 orcs
  3 giant cockroaches (D:5)
  3 goblins
  8 hobgoblins
  10 jackals
  4 kobolds
  3 quokkas
  4 ball pythons
  8 bats
  3 frilled lizards
  7 rats
  A plant (D:2)
123 creatures vanquished.

Notes
Turn   | Place    | Note
-------+----------+-------------------------------------------
     0 | D:1      | paddytheiceman the Draconian Berserker began the quest for the Orb.
     0 | D:1      | Reached XP level 1. HP: 19/19 MP: 1/1
   200 | D:1      | Reached XP level 2. HP: 25/26 MP: 2/2
   856 | D:2      | Reached XP level 3. HP: 31/33 MP: 3/3
   920 | D:2      | Found a radiant altar of Vehumet.
   930 | D:2      | Found a glowing silver altar of Zin.
   939 | D:2      | Found a hazy altar of Hepliaklqana.
  1091 | D:2      | Reached skill level 1 in Short Blades
  1255 | D:2      | Found a blossoming altar of Fedhas.
  1340 | D:2      | Reached XP level 4. HP: 36/40 MP: 4/4
  1526 | D:2      | Reached ** piety under Trog
  1528 | D:2      | Reached skill level 2 in Short Blades
  2152 | D:3      | Reached XP level 5. HP: 46/46 MP: 5/5
  2153 | D:3      | Reached skill level 3 in Short Blades
  2781 | D:4      | Found a staircase to the Ecumenical Temple.
  2887 | D:4      | Reached skill level 4 in Short Blades
  2891 | D:4      | Reached XP level 6. HP: 52/52 MP: 6/6
  3394 | D:4      | Reached *** piety under Trog
  3529 | D:4      | Reached skill level 5 in Short Blades
  3533 | D:4      | Your scales start taking on a glossy black colour.
  3533 | D:4      | Reached XP level 7. HP: 60/60 MP: 7/7
  3533 | D:4      | Gained mutation: You are resistant to electric shocks. (rElec) [Black Draconian growth]
  3563 | D:4      | Found Docvaj's Antique Weapon Boutique.
  3758 | D:5      | Entered Level 5 of the Dungeon
  3868 | D:5      | Reached skill level 6 in Short Blades
  4098 | D:5      | Reached skill level 5 in Fighting
  4109 | D:5      | Gained mutation: You expend magic power (3 MP) to strengthen your wands. [mutagenic meat]
  4521 | D:5      | Reached XP level 8. HP: 68/68 MP: 8/8
  4743 | D:5      | Found Gotwecw's Weapon Shop.
  4747 | D:5      | Bought a +1 halberd of venom for 129 gold pieces
  4830 | D:6      | Reached skill level 5 in Dodging
  4844 | D:6      | Reached skill level 7 in Short Blades
  4890 | D:6      | HP: 2/70 [wight/halberd (2)]
  4892 | D:6      | Slain by a hound

Vault maps used:
D:1:      minmay_arrival_stone_box, st_stairs_9, minmay_misc_feat_rows,
          minmay_misc_feat_nine_boxes, serial_park_tiny_1
D:2:      grunt_temple_overflow_diamond, fedhas_altar_3
D:3:      first_bread
D:4:      temple_pool_b, serial_shops, kennysheep_little_box
D:5:      serial_shops, nicolae_shop_behind_doors
D:6:      chequers_temple_overflow_minitemple, nrook_mini_backslash,
          serial_bayou_pond_a, st_stairs_11, serial_bayou_pond_e, minmay_bent

Skill      XL: |  1  2  3  4  5  6  7  8 |
---------------+-------------------------+-----
Dodging        | 3 4 5 |  5.1
Short Blades   | 1 2 4 5 6 7 |  7.1
Fighting       | 4 5 |  5.8
Polearms       | |  3.7

Action                   |  1- 3 |  4- 6 |  7- 9 || total
-------------------------+-------+-------+-------++-------
Melee: Spear             |    20 |       |       ||    20
       Tailslap          |    10 |    20 |    16 ||    46
       Short sword       |    69 |   177 |   111 ||   357
       Halberd           |       |       |    17 ||    17
Invok: Berserk           |       |     4 |     2 ||     6
       Trog's Hand       |       |     1 |     1 ||     2
 Abil: Evoke Flight      |       |     1 |       ||     1
       Breathe Lightning |       |       |     2 ||     2
  Use: Scroll            |       |     2 |       ||     2
 Stab: Sleeping          |       |     1 |       ||     1
  Eat: Chunk             |       |     3 |     6 ||     9
       Fruit             |       |     1 |     1 ||     2
       Bread ration      |       |     1 |       ||     1
       Meat ration       |       |     1 |       ||     1
       Royal jelly       |       |       |     1 ||     1
Armor: Skin              |    32 |    46 |    46 ||   124
Dodge: Dodged            |    75 |   116 |    77 ||   268

Table legend:
 A = Spawn XP
 B = Non-spawn XP
 C = Spawn XP percentage of total XP
 D = Spawn monster count
 E = Non-spawn monster count
 F = Spawn count percentage of total count
 G = Total turns spent on level
                    A         B        C        D         E        F      G
               +---------+---------+-------+---------+---------+-------+---------
         Total |       0 |    1809 |   0.0 |       0 |     122 |   0.0 |  4892
               +---------+---------+-------+---------+---------+-------+---------
           D:1 |       0 |      29 |   0.0 |       0 |      13 |   0.0 |   797
           D:2 |       0 |      85 |   0.0 |       0 |      24 |   0.0 |  1012
           D:3 |       0 |     204 |   0.0 |       0 |      26 |   0.0 |   968
           D:4 |       0 |     491 |   0.0 |       0 |      26 |   0.0 |   981
           D:5 |       0 |     682 |   0.0 |       0 |      28 |   0.0 |  1057
           D:6 |       0 |     318 |   0.0 |       0 |       5 |   0.0 |    77
               +---------+---------+-------+---------+---------+-------+---------
